 Dungeon Crawl Stone Soup version 0.25-a0-731-g0472a16d6a (webtiles) character file.

Game seed: 2878871923250872330, levelgen mode: deterministic

252 kae the Ruffian (level 5, -7/40 HPs)
             Began as a Draconian Transmuter on Apr 8, 2020.
             Was an Initiate of Wu Jian.
             Killed by nerve-wracking pain
             ... invoked by a shadow imp
              (11 damage)
             ... on level 5 of the Dungeon.
             The game lasted 00:04:06 (5543 turns).

kae the Ruffian (Draconian Transmuter)              Turns: 5543, Time: 00:04:07

Health: -7/40      AC:  2    Str: 14    XL:     5   Next: 89%
Magic:  6/9        EV: 19    Int: 17    God:    Wu Jian [......]
Gold:   244        SH:  0    Dex: 20    Spells: 4/10 levels left

rFire    . . .     SeeInvis .     - Unarmed
rCold    . . .     Gourm    .   (shield currently unavailable)
rNeg     . . .     Faith    .   (armour unavailable)
rPois    x         Spirit   .   (helmet currently unavailable)
rElec    .         Reflect  .   (cloak currently unavailable)
rCorr    .         Harm     .   (gloves currently unavailable)
MR       .....                  (boots currently unavailable)
Stlth    ++........             (no amulet)
HPRegen  0.13/turn              d - +4 ring of dexterity
MPRegen  0.11/turn              f - +2 ring of intelligence

@: spider-form
A: tiny, unfitting armour, clever 1, mutation resistance 1, AC +5
a: End Transformation, Renounce Religion


You were on level 5 of the Dungeon.
You worshipped Wu Jian.
Wu Jian was noncommittal.
You were not hungry.
You were a venomous arachnid creature.
You visited 2 branches of the dungeon, and saw 6 of its levels.

You collected 244 gold pieces.

Inventory:

Hand Weapons
 b - a +3 whip (melded)
Missiles
 a - 38 arrows
Jewellery
 d - a +4 ring of dexterity (left front leg)
 f - a +2 ring of intelligence (right front leg)
 j - an uncursed amulet of regeneration {unknown}
 m - an uncursed amulet of magic regeneration
 n - an uncursed ring of wizardry {unknown}
Scrolls
 g - 3 scrolls of remove curse
 h - 3 scrolls of identify
 l - a scroll of amnesia {unknown}
Potions
 e - a potion of magic
 i - a potion of ambrosia {unknown}
 k - 4 potions of curing
 o - a potion of lignification
 p - a potion of berserk rage {unknown}
Comestibles
 c - 5 rations


   Skills:
 - Level 1.1 Fighting
 - Level 1.7 Dodging
 * Level 5.2 Unarmed Combat
 + Level 3.2 Spellcasting
 + Level 3.4 Transmutations


You had 4 spell levels left.
You knew the following spells:

 Your Spells              Type           Power        Failure   Level  Hunger
a - Beastly Appendage     Tmut           ##....       13%         1    None
b - Sticks to Snakes      Tmut           ##......     17%         2    ##.....
c - Spider Form           Tmut/Pois      #.........   47%         3    ###....

Your spell library contained the following spells:

 Spells                   Type           Power        Failure   Level  Hunger
 Ice Form                 Ice/Tmut       #.......     82%         4    ####...
 Blade Hands              Tmut           ##........   89%         5    ######.


Dungeon Overview and Level Annotations

Branches:
Dungeon (5/15)             Temple (1/1) D:4

Altars:
Ashenzari
Cheibriados
Dithmenos
Elyvilon
Fedhas
Gozag
Hepliaklqana
Makhleb
Nemelex Xobeh
Okawaru
Ru
Sif Muna
Trog
Uskayaw
Wu Jian
Xom
Yredelemnul
Zin
The Shining One

Annotations:
D:4 2 transporters


Innate Abilities, Weirdness & Mutations

((Your plain brown scales are hard. (AC +5)))
You cannot fit into any form of body armour.
((You are cold-blooded and may be slowed by cold attacks.))
Your mind is acute. (Int +2)
You are somewhat resistant to further mutation.


Message History

You are too injured to fight recklessly!
You are too injured to fight recklessly!
You are too injured to fight recklessly!
You are too injured to fight recklessly!
You are too injured to fight recklessly!
The shadow imp gestures at you. Pain shoots through your body!
Casting: Beastly Appendage (safe; 4% risk of failure)
Confirm with . or Enter, or press ? or * to list all spells.
Your talons disappear.
You turn into a venomous arachnid creature.
Your +3 whip melds into your body.
The shadow imp laughs crazily.
The shadow imp gestures at you. Pain shoots through your body!
* * * LOW HITPOINT WARNING * * *
You hit the shadow imp but do no damage.
The shadow imp gestures at you. Pain shoots through your body!
You die...

........# ........#
........# ##.######
##.### .....# ########
.....# #......#
....<#############......#
................s5......#
.....#############s.....#
.....# ###......# .....#
#######s.......# ######
........#......#
........#......#
...........#####
.......###.# ....... ..


You could see a scorpion and a shadow imp.

Vanquished Creatures
  A centaur skeleton (D:5)
  2 orc priests (D:4)
  An orc wizard (D:4)
  Robin (D:3)
  2 adders
  An ooze (D:3)
  3 worms
  3 dart slugs
  3 leopard geckos
  6 orcs (D:4)
  17 goblins
  7 hobgoblins
  7 jackals
  4 kobolds (D:1)
  2 quokkas
  A ball python (D:4)
  9 bats
  7 frilled lizards
  8 rats
85 creatures vanquished.

Vanquished Creatures (collateral kills)
  A hobgoblin (D:2)
1 creature vanquished.

Grand Total: 86 creatures vanquished

Notes
Turn   | Place    | Note
-------+----------+-------------------------------------------
     0 | D:1      | kae the Draconian Transmuter began the quest for the Orb.
     0 | D:1      | Reached XP level 1. HP: 16/16 MP: 3/3
   101 | D:1      | Reached XP level 2. HP: 7/23 MP: 3/5
  1285 | D:1      | Learned a level 2 spell: Sticks to Snakes
  1579 | D:2      | Reached XP level 3. HP: 24/28 MP: 4/6
  1584 | D:2      | Learned a level 3 spell: Spider Form
  1776 | D:2      | Found an ornate altar of the Wu Jian Council.
  2008 | D:2      | Reached skill level 4 in Unarmed Combat
  2670 | D:3      | Reached XP level 4. HP: 30/35 MP: 5/7
  2963 | D:3      | Found a sacrificial altar of Ru.
  3215 | D:3      | Noticed Robin
  3226 | D:3      | Killed Robin
  3590 | D:3      | Found a shimmering blue altar of Sif Muna.
  3979 | D:4      | Found a transporter.
  3991 | D:4      | Found a transporter.
  3991 | D:4      | Noticed a centaur
  4002 | D:4      | Noticed a centaur
  4002 | D:4      | Noticed a centaur
  4002 | D:4      | Noticed a wyvern
  4005 | D:4      | Found a bloodstained altar of Trog.
  4305 | D:4      | Reached XP level 5. HP: 40/40 MP: 6/9
  4396 | D:4      | Gained mutation: Your mind is acute. (Int +2) [potion of
                  | mutation]
  4396 | D:4      | Gained mutation: You are somewhat resistant to further
                  | mutation. [potion of mutation]
  4405 | D:4      | Reached skill level 5 in Unarmed Combat
  4750 | D:4      | Found a staircase to the Ecumenical Temple.
  4765 | Temple   | Entered the Ecumenical Temple
  5142 | D:2      | Became a worshipper of the Wu Jian Council
  5187 | D:5      | Entered Level 5 of the Dungeon
  5377 | D:5      | Found a shimmering altar of Xom.
  5377 | D:5      | Noticed an angel
  5384 | D:5      | Found a glowing silver altar of Zin.
  5484 | D:5      | Found a glowing golden altar of the Shining One.
  5543 | D:5      | Killed from afar by a shadow imp

Levels and vault maps discovered:
D:1:      dpeg_arrival_rooms_a, layout_loops_ring
D:2:      layout_loops_corners, overflow_temple_1_default, first_ration,
          minmay_tripent
D:3:      layout_basic, nicolae_ru_awakened_eye, lemuel_blue_sif_altar,
          uniq_robin
D:4:      layout_loops_ring, gammafunk_temple_overflow_arena,
          minmay_temple_entry_nine_rooms
D:5:      layout_rooms, grunt_temple_overflow_order_and_chaos_1,
          overflow_temple_1_default, uniq_crazy_yiuf_cottage
Temple:   minmay_temple_forest_path

Skill      XL: |  1  2  3  4  5 |
---------------+----------------+-----
Unarmed Combat | 4 5 |  5.2
Transmutations | 3 |  3.4
Spellcasting   | 3 |  3.2
Fighting       | |  1.1
Dodging        | |  1.7

Action                   |  1- 3 |  4- 6 || total
-------------------------+-------+-------++-------
Melee: Unarmed           |    21 |    19 ||    40
       Kick              |     7 |    14 ||    21
       Punch             |     3 |       ||     3
       Whip              |   124 |   101 ||   225
       Tailslap          |    19 |    12 ||    31
       Headbutt          |     9 |     6 ||    15
 Cast: Beastly Appendage |    23 |    15 ||    38
       Sticks to Snakes  |     2 |     1 ||     3
       Spider Form       |       |     3 ||     3
Invok: Lunge             |       |     1 ||     1
  Use: Scroll            |     5 |     6 ||    11
       Potion            |       |     4 ||     4
 Stab: Sleeping          |     1 |       ||     1
  Eat: Chunk             |     6 |     7 ||    13
       Ration            |       |     1 ||     1
Armor: Skin              |    53 |    45 ||    98
Dodge: Dodged            |   105 |    98 ||   203

Table legend:
 A = Non-vault XP
 B = Vault XP
 C = Vault XP percentage of total XP
 D = Non-vault monster count
 E = Vault monster count
 F = Vault count percentage of total count
                 A         B        C        D         E       F
            +---------+---------+-------+---------+---------+-------
      Total |     326 |      34 |   9.4 |      75 |      11 |  12.8
            +---------+---------+-------+---------+---------+-------
        D:1 |      36 |       0 |   0.0 |      19 |       0 |   0.0
        D:2 |      49 |       4 |   7.5 |      21 |       2 |   8.7
        D:3 |      60 |      30 |  33.3 |      22 |       9 |  29.0
        D:4 |     136 |       0 |   0.0 |      11 |       0 |   0.0
        D:5 |      45 |       0 |   0.0 |       2 |       0 |   0.0
            +---------+---------+-------+---------+---------+-------
